 Dungeon Crawl Stone Soup version 0.23.2-33-g5129a83184 (webtiles) character file.

Game seed: 8030616569328828764

105 Folque the Charmwright (level 4, -1/36 HPs)
             Began as a Centaur Skald on July 9, 2019.
             Slain by Terence
             ... wielding a +0 trident
              (4 damage)
             ... on level 2 of the Dungeon.
             The game lasted 00:06:08 (1761 turns).

Folque the Charmwright (Centaur Skald)              Turns: 1761, Time: 00:06:08

Health: -1/36      AC:  4    Str: 14    XL:     4   Next: 54%
Magic:  0/8        EV:  9    Int: 13    God:
Gold:   26         SH:  0    Dex:  8    Spells: 2/8 levels left

rFire    x . .     SeeInvis .   a - +0 hand axe
rCold    + . .     Gourm    .   (no shield)
rNeg     . . .     Faith    .   b - +0 leather armour
rPois    .         Spirit   .   (no helmet)
rElec    .         Reflect  .   (no cloak)
rCorr    .         Harm     .   (no gloves)
MR       .....                  (no barding)
Stlth    ..........             (no amulet)
HPRegen  0.12/turn              g - ring of ice
MPRegen  0.11/turn              (no ring)

@: very slightly contaminated, very quick
A: large, hooves 3, deformed body, speed 2, tough skin 3
a: no special abilities


You were on level 2 of the Dungeon.
You were hungry.

You visited 1 branch of the dungeon, and saw 2 of its levels.

You collected 26 gold pieces.

Inventory:

Hand Weapons
 a - a +0 hand axe (weapon)
 j - a +0 short sword of protection
Missiles
 m - 12 poisoned needles
Armour
 b - a +0 leather armour (worn)
Jewellery
 g - a ring of ice (left hand)
Scrolls
 c - a scroll of fear {unknown}
 e - 2 scrolls of remove curse
 i - a scroll of identify
 l - a scroll of fog {unknown}
Potions
 h - a potion of might {unknown}
Comestibles
 d - 3 rations
 k - 5 chunks of flesh


   Skills:
 - Level 2.0 Fighting
 + Level 2.7 Axes
 - Level 0.6 Armour
 - Level 1.3 Dodging
 * Level 2.6 Spellcasting
 + Level 3.4 Charms


You had 2 spell levels left.
You knew the following spells:

 Your Spells              Type           Power        Failure   Level  Hunger
a - Infusion              Chrm           ##..         8%          1    #......
b - Shroud of Golubria    Chrm/Tloc      #.........   22%         2    ###....
c - Spectral Weapon       Hex/Chrm       #.......     41%         3    ###....

Your spell library contained the following spells:

 Spells                   Type           Power        Failure   Level  Hunger
 Song of Slaying          Chrm           ##......     11%         2    ###....
 Regeneration             Chrm/Necr      #.........   41%         3    ###....


Dungeon Overview and Level Annotations

Branches:
Dungeon (2/15)

Altars:
Ashenzari
The Shining One

Annotations:
D:2 Terence


Innate Abilities, Weirdness & Mutations

You have hooves in place of feet.
Armour fits poorly on your strangely shaped body.
You cover ground very quickly.
You have extremely tough skin. (AC +3)


Message History

You barely miss Terence.
Terence is heavily wounded.
Your spectral weapon barely misses Terence.
Terence barely misses you.
You hit Terence but do no damage.
Terence is heavily wounded.
Your spectral weapon barely misses Terence.
Terence hits you with a +0 trident.
* * * LOW HITPOINT WARNING * * *
Casting: Shroud of Golubria (safe; 22% risk of failure)
Confirm with . or Enter, or press ? or * to list all spells.
You miscast Shroud of Golubria.
The air around you crackles with energy!
You are feeling hungry.
Terence hits you but does no damage. Terence barely misses you.
You hit Terence but do no damage. You kick Terence.
Terence is heavily wounded.
Your spectral weapon hits Terence.
Terence hits you with a +0 trident.
You die...

##### #### #...#
....^ #...#####
.......
#..(@g..##........#
#..@##...#........#
#...##.g..........#
########.#........##
#.###..#.#...
#.##........#
#.......###..
####..g.@.).g
#....##### #.....# #


You could see Terence, a goblin and a friendly spectral +0 hand axe.

Vanquished Creatures
  5 gnolls (D:2)
  An adder (D:2)
  A leopard gecko (D:2)
  4 giant cockroaches
  7 goblins
  3 hobgoblins (D:1)
  6 jackals
  6 bats
  2 frilled lizards
  8 kobolds
  7 rats
50 creatures vanquished.

Notes
Turn   | Place    | Note
-------+----------+-------------------------------------------
     0 | D:1      | Folque the Centaur Skald began the quest for the Orb.
     0 | D:1      | Reached XP level 1. HP: 17/17 MP: 3/3
   244 | D:1      | Found a shattered altar of Ashenzari.
   257 | D:1      | Reached XP level 2. HP: 14/24 MP: 2/4
   290 | D:1      | Reached skill level 3 in Charms
  1134 | D:2      | Learned a level 2 spell: Shroud of Golubria
  1198 | D:2      | Reached XP level 3. HP: 29/29 MP: 6/6
  1232 | D:2      | Found a glowing golden altar of the Shining One.
  1508 | D:2      | Reached XP level 4. HP: 32/36 MP: 2/7
  1514 | D:2      | Learned a level 3 spell: Spectral Weapon
  1656 | D:2      | Noticed Terence
  1761 | D:2      | Slain by Terence

Skill      XL: |  1  2 |
---------------+-------+-----
Axes           | 2 |  2.7
Charms         | 3 |  3.4
Spellcasting   | 2 |  2.6
Fighting       | |  2.0
Armour         | |  0.6
Dodging        | |  1.3

Action                   |  1- 3 |  4- 6 || total
-------------------------+-------+-------++-------
Melee: Hand axe          |    95 |    43 ||   138
       Kick              |    12 |     3 ||    15
       Unarmed           |       |     5 ||     5
 Cast: Infusion          |     4 |     2 ||     6
       Shroud of Golubri |     1 |       ||     1
       Spectral Weapon   |       |     1 ||     1
  Use: Scroll            |     1 |     2 ||     3
       Potion            |       |     1 ||     1
 Stab: Distracted        |       |     1 ||     1
  Eat: Chunk             |     1 |     1 ||     2
Armor: Leather armour    |    38 |    10 ||    48
       Skin              |       |     6 ||     6
Dodge: Dodged            |    59 |    56 ||   115
